 Dungeon Crawl Stone Soup version 0.29.1-1-gd02db6906a (webtiles) character file.

Game seed: 7901097462323111194

4050 SSird the Cleaver (level 10, 0/83 HPs)
             Began as a Formicid Fighter on Sept 29, 2022.
             Was a Believer of Okawaru.
             Slain by a killer bee (4 damage)
             ... on level 7 of the Dungeon.
             The game lasted 00:18:12 (6425 turns).

SSird the Cleaver (Formicid Fighter)                Turns: 6425, Time: 00:18:13

Health: 0/83       AC:  8    Str: 25    XL:     10   Next: 48%
Magic:  10/10      EV: 11    Int:  8    God:    Okawaru [**....]
Gold:   373        SH:  5    Dex: 13    Spells: 9/9 levels left

rFire   + . .      SeeInvis +   a - +0 war axe (flame)
rCold   . . .      Faith    +   c - +0 buckler
rNeg    + . .      Spirit   .   m - +3 leather armour
rPois   .          Reflect  .   (helmet unavailable)
rElec   .          Harm     .   q - +1 cloak of Catatonia {+Inv rF+}
rCorr   +          Rampage  .   (no gloves)
Will    +....                   (no boots)
Stlth   +.........              t - amulet of faith
HPRegen 0.23/turn               r - ring of positive energy
MPRegen 0.12/turn               e - ring of resist corrosion

@: lethally poisoned (0 -> -8)
A: permanent stasis, dig shafts and tunnels, antennae 3, four strong arms
a: Dig, Shaft Self, Renounce Religion, Evoke Invisibility, Heroism


You were on level 7 of the Dungeon.
You worshipped Okawaru.
Okawaru was pleased with you.
You visited 2 branches of the dungeon, and saw 8 of its levels.

You collected 508 gold pieces.
You spent 135 gold pieces at shops.

Inventory:

Hand Weapons
 a - a +0 war axe of flaming (weapon)
 b - a +2 arbalest of flaming
Armour
 c - a +0 buckler (worn)
 m - a +3 leather armour (worn)
 p - the +1 leather armour of Apathy {Stlth+}
   (You found it on level 3 of the Dungeon)

   Stlth:     It makes you more stealthy.
 q - the +1 cloak of Catatonia (worn) {+Inv rF+}
   (You found it on level 3 of the Dungeon)

   rF:        It protects you from fire.
   +Inv:      It lets you turn invisible.
 y - +0 steam dragon scales
Jewellery
 e - a ring of resist corrosion (right hand)
 i - an amulet of regeneration
 r - a ring of positive energy (left hand)
 t - an amulet of faith (around neck)
 w - a ring of magical power
Wands
 k - a wand of roots (13)
Scrolls
 d - a scroll of poison
 f - a scroll of magic mapping
 g - a scroll of enchant weapon {unknown}
 j - 8 scrolls of identify
 s - a scroll of silence {unknown}
 u - a scroll of fear {unknown}
 v - a scroll of enchant armour {unknown}
 x - a scroll of amnesia
Potions
 h - a potion of lignification
 l - a potion of brilliance
 n - a potion of heal wounds
 o - 2 potions of mutation {unknown}
 z - a potion of flight {unknown}
 A - a potion of curing {unknown}
 B - a potion of might


   Skills:
 + Level 9.6 Fighting
 * Level 12.1 Axes
 - Level 3.2 Armour
 - Level 0.4 Dodging
 - Level 0.8 Stealth
 - Level 4.0 Shields


You had 9 spell levels left.
You didn't know any spells.
Your spell library contained the following spells:

 Spells                   Type           Power      Damage    Failure   Level
 Apportation              Tloc           0%         N/A       52%         1
 Foxfire                  Conj/Fire      0%         2x1d4     52%         1
 Necrotise                Necr           0%         1d4       52%         1
 Poisonous Vapours        Pois/Air       0%         N/A       67%         2
 Conjure Flame            Conj/Fire      0%         6-21      88%         3
 Ignite Poison            Fire/Tmut/Pois 0%         N/A       88%         3
 Inner Flame              Hex/Fire       0%         N/A       88%         3
 Mephitic Cloud           Conj/Pois/Air  0%         N/A       88%         3
 Corpse Rot               Necr/Pois/Air  0%         N/A       99%         4
 Flame Wave               Conj/Fire      0%         2d4       99%         4
 Fireball                 Conj/Fire      0%         3d3       100%        5
 Freezing Cloud           Conj/Ice/Air   0%         6-21      100%        5
 Iskenderun's Battlesphe  Conj           0%         2d6       100%        5
 Conjure Ball Lightning   Conj/Air       0%         3x3d6     100%        6
 Orb of Destruction       Conj           0%         9d5       100%        7
 Summon Small Mammal      Summ           Unusable   N/A       N/A         1

Dungeon Overview and Level Annotations

Branches:
Dungeon (7/15)             Temple (1/1) D:6

Altars:
Cheibriados
Dithmenos
Elyvilon
Fedhas
Gozag
Kikubaaqudgha
Makhleb
Nemelex Xobeh
Okawaru
Ru
Sif Muna
Trog
Uskayaw
Wu Jian
Xom
Yredelemnul

Shops:
D:1 [   D:3 *   D:4 [   D:6 ??(!


Innate Abilities, Weirdness & Mutations

You cannot be hasted, slowed, berserked, paralysed or teleported.
You can dig through walls and to a lower floor.
You have a pair of large antennae on your head. (SInv)
Your four strong arms can wield two-handed weapons with a shield.


Message History

The killer bee stings you but does no damage.
The killer bee barely misses you.
You completely miss the killer bee.
The killer bee is moderately wounded.
You barely miss the killer bee.
You feel sick.
The killer bee stings you but does no damage.
You block the killer bee's attack. The killer bee stings you.
* * * LOW HITPOINT WARNING * * *
You are more poisoned.
The killer bee poisons you! The killer bee closely misses you.
Unknown command.
You closely miss the killer bee.
The killer bee is moderately wounded.
You hit the killer bee but do no damage.
You feel very sick. The killer bee misses you.
The killer bee closely misses you. x2
The killer bee stings you but does no damage.
Unknown command.
Unknown command.
You slash the killer bee! You burn the killer bee.
You kill the killer bee!
Okawaru accepts your kill.
You hit the killer bee. You burn the killer bee.
You feel sick. The killer bee closely misses you. The killer bee misses you.
Unknown command.
You barely miss the killer bee.
The killer bee is moderately wounded.
You feel sick. The killer bee closely misses you. The killer bee misses you.
You hit the killer bee. You burn the killer bee.
The killer bee is severely wounded.
You feel sick. The killer bee stings you.
* * * LOW HITPOINT WARNING * * *
You are lethally poisoned!
The killer bee poisons you!
The killer bee stings you but does no damage.
You hit the killer bee. You burn the killer bee.
The killer bee is almost dead.
* * * LOW HITPOINT WARNING * * *
You feel sick. The killer bee stings you.
You die...

##.....####.#
#........##.#
###..#.......#
##....#.#.....#
##........[....#
#........#..##.#
##.......#..####
#####.#......##
#..y@.###...##
#.....)#......##
...#.........##..# .
#.!...>..###..#
..........##...###
^...###.......###.##
#...$ .............#
..... ....#.......##
#......#..#.###


You could see a killer bee.

Vanquished Creatures
  Maggie (D:6)
  A komodo dragon (D:7)
  Sigmund (D:6)
  Edmund (D:4)
  Duvessa (D:4)
  A black bear (D:5)
  An orc warrior (D:7)
  2 centaurs
  2 ogres
  A kobold brigand (D:7)
  A phantom (D:3)
  A bullfrog (D:6)
  3 necrophages (D:5)
  5 scorpions
  2 gnoll sergeants (D:7)
  8 wights
  Dowan (D:4)
  2 killer bees (D:7)
  A howler monkey (D:5)
  A crimson imp (D:4)
  8 hounds
  3 jellies
  An orc priest (D:6)
  A gnoll bouda (D:7)
  10 iguanas
  4 orc wizards
  The ghost of gdog the Covert, a weakling GnDe (D:4)
  Robin (D:4)
  8 adders
  21 gnolls
  2 shadow imps
  2 white imps (D:6)
  4 ufetubi
  A worm (D:2)
  A dart slug (D:2)
  17 orcs
  10 endoplasms
  7 giant cockroaches
  11 goblins
  11 hobgoblins
  6 jackals
  13 kobolds
  4 quokkas
  11 ball pythons
  7 bats
  7 frilled lizards
  4 rats
213 creatures vanquished.

Vanquished Creatures (others)
  7 plants (D:7)
7 creatures vanquished.

Grand Total: 220 creatures vanquished

Notes
Turn   | Place    | Note
-------+----------+-------------------------------------------
     0 | D:1      | SSird the Formicid Fighter began the quest for the Orb.
     0 | D:1      | Reached XP level 1. HP: 18/18 MP: 1/1
   353 | D:1      | Reached XP level 2. HP: 24/24 MP: 2/2
   356 | D:1      | Found Rabann's Armour Emporium.
   389 | D:1      | Reached XP level 3. HP: 25/30 MP: 3/3
   607 | D:1      | Reached skill level 3 in Axes
  1025 | D:2      | Reached XP level 4. HP: 37/37 MP: 4/4
  1180 | D:2      | Reached skill level 4 in Axes
  1217 | D:2      | Reached XP level 5. HP: 42/42 MP: 5/5
  1794 | D:3      | Identified the +1 leather armour of Apathy {Stlth+}
  1821 | D:3      | Found a faded altar of an unknown god.
  1821 | D:3      | Identified the +1 cloak of Catatonia {+Inv rF+}
  1911 | D:3      | Found Huotireo's Assorted Antiques.
  1923 | D:3      | Bought a glowing arbalest for 135 gold pieces
  2183 | D:3      | Noticed a phantom
  2207 | D:3      | Killed a phantom
  2208 | D:3      | Reached skill level 5 in Axes
  2208 | D:3      | Reached XP level 6. HP: 45/49 MP: 6/6
  2297 | D:4      | Found Zaujuck's Armour Boutique.
  2297 | D:4      | Noticed Dowan
  2318 | D:4      | Noticed Robin
  2331 | D:4      | Killed Robin
  2373 | D:4      | Found a basalt altar of Yredelemnul.
  2376 | D:4      | Reached XP level 7. HP: 55/55 MP: 7/7
  2415 | D:4      | Reached skill level 5 in Fighting
  2434 | D:4      | Reached skill level 6 in Axes
  2482 | D:4      | Noticed Edmund
  2493 | D:4      | Killed Edmund
  2525 | D:4      | Found a bloodstained altar of Trog.
  2604 | D:4      | Found a large runed translucent door.
  2604 | D:4      | Found a large runed translucent door.
  2605 | D:4      | Noticed gdog's ghost (weakling GnDe)
  2620 | D:4      | Killed gdog's ghost
  2853 | D:4      | Noticed Duvessa
  2860 | D:4      | Killed Dowan
  2861 | D:4      | Reached skill level 7 in Axes
  2874 | D:4      | Killed Duvessa
  2875 | D:4      | Reached XP level 8. HP: 7/64 MP: 8/8
  3246 | D:4      | Found a burning altar of Makhleb.
  3246 | D:4      | Found a shimmering altar of Xom.
  3306 | D:5      | Entered Level 5 of the Dungeon
  3574 | D:5      | Reached skill level 8 in Axes
  3863 | D:5      | Reached XP level 9. HP: 72/72 MP: 9/9
  3945 | D:5      | Reached skill level 9 in Axes
  4068 | D:6      | Noticed Sigmund
  4087 | D:6      | Killed Sigmund
  4268 | D:6      | Found a staircase to the Ecumenical Temple.
  4278 | Temple   | Entered the Ecumenical Temple
  4327 | Temple   | Became a worshipper of Warmaster Okawaru
  4386 | D:6      | Found an ornate altar of the Wu Jian Council.
  4452 | D:6      | Found Moaff's Antique Weapon Shop.
  4452 | D:6      | Found Denkysac's Distillery.
  4455 | D:6      | Found Sead's Magic Scroll Shop.
  4458 | D:6      | Found Meyts's Magic Scroll Shop.
  4527 | D:6      | Found a shadowy altar of Dithmenos.
  4566 | D:6      | Reached skill level 10 in Axes
  4760 | D:6      | Noticed Maggie
  4778 | D:6      | Killed Maggie
  4778 | D:6      | Reached * piety under Okawaru
  4947 | D:6      | Reached XP level 10. HP: 46/82 MP: 10/10
  5170 | D:7      | Reached skill level 11 in Axes
  5364 | D:7      | Noticed a komodo dragon
  5370 | D:7      | Killed a komodo dragon
  5372 | D:7      | Reached ** piety under Okawaru
  6048 | D:7      | Reached skill level 12 in Axes
  6425 | D:7      | HP: 4/83 [poisoned by a killer bee]
  6425 | D:7      | Slain by a killer bee

Illustrated notes

Levels and vault maps discovered:
D:1:      amcnicky_arrival_blooded_trapdoor, layout_loops_ring, serial_shops,
          shop_statue, minmay_misc_feat_ornament, minmay_close_crescents
D:2:      layout_basic, st_stairs_7, lightli_corner_chamber
D:3:      layout_rooms, serial_curves, eino_curves_01, eino_curves_04,
          nicolae_ecumenical_oubliette, serial_shops, nicolae_shop_statue_plus,
          minmay_misc_feat_encased, amethyst_killhole, minivault_11
D:4:      dreamdust_elfheim, layout_basic,
          grunt_temple_overflow_champion_of_chaos, trog_book,
          mainiacjoe_overflow_cross_hatched, serial_shops, shop,
          ebering_ghost_disaster_area, minmay_tree_intersection, uniq_edmund,
          uniq_robin, uniq_duvessa
D:5:      layout_basic
D:6:      layout_gridville, marbit_many_paths, nzn_wu_jian_council_hall,
          minmay_temple_entry_proselytizer, minmay_misc_feat_four_crosses,
          minmay_shop_grid_forest, uniq_sigmund, uniq_maggie
D:7:      layout_cave_pools, nicolae_hepliaklqana_ecumenical_no_more,
          serial_gnoll_camp, gnoll_camp_mini_loothouse, gnoll_camp_medium_02,
          gnoll_camp_mini_basic, gnoll_camp_mini_hut, minmay_lizard_king
Temple:   jpeg_temple_alley_garden

Skill      XL: |  1  2  3  4  5  6  7  8  9 10 |
---------------+-------------------------------+-----
Axes           | 3 4 5 7 8 10 12 | 12.1
Fighting       | 4 5 7 8 9 |  9.6
Armour         | |  3.2
Dodging        | |  0.4
Stealth        | |  0.8
Shields        | |  4.0

Action                   |  1- 3 |  4- 6 |  7- 9 | 10-12 || total
-------------------------+-------+-------+-------+-------++-------
Melee: War axe           |    90 |   159 |   262 |   118 ||   629
 Fire: Arbalest          |       |     2 |     2 |       ||     4
Invok: Heroism           |       |       |       |     1 ||     1
 Abil: Dig               |       |       |       |     1 ||     1
  Use: Potion            |       |       |     8 |       ||     8
       Scroll            |       |       |     8 |       ||     8
 Stab: Sleeping          |       |       |     2 |     1 ||     3
Armor: Scale mail        |    48 |    60 |    71 |       ||   179
       Leather armour    |       |       |    47 |    34 ||    81
Dodge: Dodged            |    48 |    86 |   119 |    57 ||   310
Block: Buckler           |    30 |    36 |    56 |    23 ||   145
